cohdb
Replays
Latest Replays
All Replays
Popular Replays
Top Player Replays
Match Explorer
How It Works
Community
CoH3 Stats
Reddit
Sign in to upload your games and track your stats! →
Sign in with Steam
Match 43531142
Unlisted
Match 43531142
Overview
Messages
Build Orders
End
Construct Section Command Post
Selects Australian Defense Battlegroup
Selects Australian Light Infantry Section
Australian Light Infantry Section
Australian Light Infantry Section
Construct Platoon Command Post
Humber Armored Car
Selects CMP 15cwt Supply Run
CMP 15cwt Supply Run
Humber Armored Car
Royal Engineer Section
CMP 15cwt Supply Run
Selects Defensive Tactics
Construct Company Command Post
Selects Reinforced Resource Caches
Selects Charged Creeping Barrage
Charged Creeping Barrage
Selects Hold the Line!
Hold the Line!
Foot Guards Section
CMP 15cwt Supply Run
Hold the Line!
DarkLord
juve1975
MorrieBombastic
Satou the Deus Musco
Chouchou
pfo67
dani(GER)
Blindeye
0
0
Comments
sign in to comment!
No comments posted yet!